 Dungeon Crawl Stone Soup version 0.28-a0-265-g048bc9fd10 (webtiles) character file.

Game seed: 17729675660468485418

19 Spaninq the Insei (level 2, 0/14 HPs)
             Began as a Vine Stalker Transmuter on Aug 27, 2021.
             Was an Initiate of Gozag.
             Succumbed to an adder's poison
             ... on level 2 of the Dungeon.
             The game lasted 00:01:54 (1416 turns).

Spaninq the Insei (Vine Stalker Transmuter)         Turns: 1416, Time: 00:01:54

Health: 0/14       AC:  2    Str: 12    XL:     2   Next: 75%
Magic:  6/6        EV: 12    Int: 13    God:    Gozag
Gold:   50         SH:  0    Dex: 14    Spells: 2/5 levels left

rFire   . . .      SeeInvis .   b - +0 quarterstaff
rCold   . . .      Faith    .   (shield currently unavailable)
rNeg    . . .      Spirit   +   a - +0 robe
rPois   .          Reflect  .   (no helmet)
rElec   .          Harm     .   (no cloak)
rCorr   .          Rampage  .   (no gloves)
Will    .....                   (no boots)
Stlth   +.........              (no amulet)
HPRegen 0.04/turn               (no ring)
MPRegen 0.10/turn               (no ring)

@: lethally poisoned (0 -> -5)
A: fangs 2, magic shield, antimagic bite, no potion heal 2
a: Renounce Religion, Potion Petition, Call Merchant, Bribe Branch


You were on level 2 of the Dungeon.
You worshipped Gozag.
Gozag was noncommittal.
You visited 1 branch of the dungeon, and saw 2 of its levels.

You collected 50 gold pieces.

Inventory:

Hand Weapons
 b - a +0 quarterstaff (weapon)
Armour
 a - a +0 robe (worn)
Scrolls
 c - 3 scrolls of identify {unknown}
 d - a scroll of fog {unknown}


   Skills:
 + Level 1.3 Fighting
 * Level 1.3 Staves
 + Level 1.9 Dodging
 - Level 3.0 Unarmed Combat
 - Level 2.1 Spellcasting
 - Level 2.0 Transmutations


You had 2 spell levels left.
You knew the following spells:

 Your Spells              Type           Power      Damage    Failure   Level
a - Beastly Appendage     Tmut           12%        N/A       11%         1
b - Wereblood             Tmut           6%         N/A       17%         2

Your spell library contained the following spells:

 Spells                   Type           Power      Damage    Failure   Level
 Sublimation of Blood     Necr           0%         N/A       36%         2
 Spider Form              Tmut/Pois      2%         N/A       45%         3
 Ice Form                 Ice/Tmut       4%         N/A       86%         4
 Petrify                  Tmut/Erth      4%         N/A       86%         4
 Irradiate                Conj/Tmut      2%         3d14      99%         5


Dungeon Overview and Level Annotations

Branches:
Dungeon (2/15)

Altars:
Gozag


Innate Abilities, Weirdness & Mutations

You have extremely sharp teeth.
When hurt, damage is shared between your health and your magic reserves.
Your bite disrupts and absorbs the magic of your enemies.
Potions cannot restore your health.


Message History

A worm comes into view.
Found an escape hatch in the floor.
You hit the worm. You bite the worm, but do no damage.
The worm is lightly wounded.
The worm closely misses you.
You hit the worm but do no damage.
The worm is lightly wounded.
The worm bites you.
You sock the worm!
The worm is heavily wounded.
You sock the worm! You bite the worm.
You kill the worm!
You now have 50 gold pieces (gained 7).
The adder hisses angrily.
An endoplasm comes into view.
You thump the adder! Your bite misses the adder.
The adder is severely wounded.
The adder bites you. x2
You are poisoned.
The adder poisons you!
You feel sick.
You feel sick.
You feel sick. The adder bites you.
You are lethally poisoned!
The adder poisons you!
You hit the adder but do no damage. You bite the adder. You drain its power.
You feel invigorated.
The adder is almost dead.
* * * LOW HITPOINT WARNING * * *
You feel sick. The adder misses you.
You barely miss the adder.
The adder is almost dead.
* * * LOW HITPOINT WARNING * * *
You feel sick. The adder barely misses you. The adder bites you.
* * * LOW HITPOINT WARNING * * *
You aren't carrying any potions.
You miss the adder.
The adder is almost dead.
You die...
Your body crumbles into a pile of gold.

#..............
#..............
#.....?........
#...)........
#....J.>.
#......#
#......#
#.....J#####
#......S@..#
#.....####.#
#.....# #.#
#.....# #.#
####### #.# #.#
#.# #.# #<#


You could see an adder and an endoplasm.

Vanquished Creatures
  A worm (D:2)
  A dart slug (D:1)
  2 bats (D:1)
  A goblin (D:1)
  4 hobgoblins (D:1)
  A kobold (D:1)
  A ball python (D:1)
  A frilled lizard (D:1)
  2 rats (D:1)
14 creatures vanquished.

Notes
Turn   | Place    | Note
-------+----------+-------------------------------------------
     0 | D:1      | Spaninq the Vine Stalker Transmuter began the quest for the
                  | Orb.
     0 | D:1      | Reached XP level 1. HP: 9/9 MP: 4/4
   121 | D:1      | Reached skill level 1 in Fighting
   631 | D:1      | Reached XP level 2. HP: 14/14 MP: 3/6
   634 | D:1      | Learned a level 2 spell: Wereblood
   647 | D:1      | Reached skill level 1 in Staves
  1086 | D:1      | Found a faded altar of an unknown god.
  1369 | D:1      | Became a worshipper of Gozag Ym Sagoz the Greedy
  1416 | D:2      | Succumbed to an adder's poison

Illustrated notes

Levels and vault maps discovered:
D:1:      minmay_arrival_stair_chambers, layout_basic,
          dreamdust_ecumenical_altar_angels_and_demons, grunt_decor_junction
D:2:      minmay_chambers_of_ones, layout_basic, minmay_diced_spiral, uniq_robin

Skill      XL: |  1  2 |
---------------+-------+-----
Fighting       | 1 |  1.3
Staves         | 1 |  1.3
Dodging        | |  1.9
Unarmed Combat | |  3.0
Spellcasting   | |  2.1
Transmutations | |  2.0

Action                   || total
-------------------------++-------
Melee: Quarterstaff      ||    34
       Bite              ||     5
       Kick              ||     4
       Headbutt          ||     2
 Cast: Beastly Appendage ||     8
 Stab: Sleeping          ||     1
Armor: Robe              ||     4
Dodge: Dodged            ||    16

Table legend: (Time is in decaauts)
 A = Elapsed time spent in this place.
 B = Non-inter-level travel time spent in this place.
 C = Inter-level travel time spent in this place.
 D = Time resting spent in this place.
 E = Time spent auto-exploring this place.
 F = Levels seen in this place.
 G = Mean time per level.
                   A        B        C        D        E       F      G
               +--------+--------+--------+--------+--------+-----+--------+
         Total |   1423 |   1388 |     35 |    255 |    984 |   2 |  711.5 |
       Dungeon |   1423 |   1388 |     35 |    255 |    984 |   2 |  711.5 |
               +--------+--------+--------+--------+--------+-----+--------+

Top non-repeatable levels by time:
     D:1: 1387 daAuts
     D:2: 36 daAuts
